 Dungeon Crawl Stone Soup version 0.20-a0-472-g5c05303 (webtiles) character file.

780 ThermosAquaticus the Slasher (level 7, -14/51 HPs)
             Began as a Barachian Artificer on Jan 14, 2017.
             Was a Believer of Cheibriados.
             Demolished by an orc warrior
             ... wielding a +2 trident of flaming
              (19 damage)
             ... on level 7 of the Dungeon.
             The game lasted 00:13:32 (5049 turns).

ThermosAquaticus the Slasher (Barachian Artificer)  Turns: 5049, Time: 00:13:32

Health: -14/51     AC:  7    Str: 16    XL:     7   Next: 85%
Magic:  10/10      EV: 12    Int: 24    God:    Cheibriados [**....]
Gold:   174        SH:  0    Dex: 15    Spells: 6/6 levels left

rFire  + . .     SeeInvis .     A - +2 dagger (elec)
rCold  . . .     Gourm    .     g - +0 scale mail
rNeg   + . .     Faith    .     (no shield)
rPois  .         Spirit   .     (no helmet)
rElec  .         Reflect  .     B - +0 cloak
rCorr  .         Harm     .     (no gloves)
MR     .....                    (no boots)
Stlth  ..........               (no amulet)
                                x - +5 ring of intelligence
                                s - ring of positive energy

@: brilliant, lethally poisoned (-14 -> -14), very slow
A: swims, fire resistance 1, slowness 1, strong legs 1
a: Hop, Bend Time, Renounce Religion


You were on level 7 of the Dungeon.
You worshipped Cheibriados.
Cheibriados was pleased with you.
You were not hungry.

You visited 1 branch of the dungeon, and saw 5 of its levels.

You collected 174 gold pieces.

Inventory:

Hand Weapons
 a - a +0 short sword
 l - a +0 falchion
 A - a +2 dagger of electrocution (weapon)
 C - a +0 shortbow
Missiles
 m - 53 arrows
 w - 7 bolts
Armour
 g - a +0 scale mail (worn)
 B - a +0 cloak (worn)
Jewellery
 s - a ring of positive energy (left hand)
 x - a +5 ring of intelligence (right hand)
Wands
 c - a wand of flame (0/48)
 d - a wand of enslavement (12/24)
 e - a wand of random effects (10/48)
 y - a wand of lightning (0/15)
Scrolls
 i - a scroll of amnesia {unknown}
 j - a scroll of recharging {unknown}
 k - 2 scrolls of remove curse
 o - 2 scrolls of identify {unknown}
 t - a scroll of fog {unknown}
 u - a scroll of enchant weapon {unknown}
 z - a scroll of teleportation {unknown}
Potions
 n - a potion of brilliance
 r - a potion of berserk rage {unknown}
Comestibles
 b - 4 chunks of flesh
 f - 3 bread rations
 h - a royal jelly
 q - 3 beef jerkies
 v - a meat ration


   Skills:
 - Level 2.5 Fighting
 - Level 1.0(3.5) Short Blades
 + Level 5.9(6.0) Long Blades
 + Level 5.6 Dodging
 - Level 1.0 Stealth
 - Level 4.0 Evocations


You had 6 spell levels left.
You didn't know any spells.

Dungeon Overview and Level Annotations

Branches:
Dungeon (4/15)
 Temple: D:4-7

Altars:
Cheibriados
Ru
Trog
Uskayaw
Vehumet
Zin


Innate Abilities, Weirdness & Mutations

You can swim through water.
You cover ground slowly.
You can hop short distances.
Your flesh is heat resistant. (rF+)


Message History

Evoke which item? (* to show all) (? for menu, Esc to quit)
Aiming: Enslavement
Press: ? - help, Shift-Dir - straight line, f - orc warrior
Aim: an orc warrior, wielding a trident of flaming and wearing a plate armour (lightly wounded, chance to defeat MR: 58%)
The orc warrior resists with significant effort.
This wand has 12 charges left.
You feel sick.
The orc warrior hits you with a trident of flaming!
* * * LOW HITPOINT WARNING * * *
The orc warrior burns you!
* * * LOW HITPOINT WARNING * * *
The adder bites you.
* * * LOW HITPOINT WARNING * * *
It was a potion of brilliance.
You feel clever all of a sudden. The adder bites you but does no damage.
It was a potion of beneficial mutation.
You feel resistant to heat.
You feel fantastic! The adder bites you but does no damage.
The orc warrior hits you with a trident of flaming!!
You die...

#.# #.#...#...# #)####..... ..
#.'#######+ #.)......#.
#.##....#.# ######.#.##
#....#.##.# #.#.#
.#####.###.##.# ##### ..#.#
.........).##.# #...# .#.#.#
#####..#####.###...#######.#
#.........ooS.............#
..##.###..####@###...#########
......o...# #.# #...#########
..........####+###...........#
...........#.........###.###.#
##########.#.........###.###.##
#.........).##...##..#
##.........##.....##.#
#.......#.#.......#.#
#.......#....._.....#


You could see an orc warrior, an adder and an orc.

Vanquished Creatures
  The ghost of TotoDurand the Skirmisher, an amateur NaFi of Uskayaw (D:4)
  2 ogres
  A centaur (D:7)
  A quasit (D:3)
  Crazy Yiuf (D:3)
  2 orc priests
  3 orc wizards
  Terence (D:2)
  Natasha (D:4)
  A worker ant (D:7)
  2 gnolls
  2 adders
  A shadow imp (D:7)
  An ooze (D:1)
  5 worms
  4 leopard geckos
  9 orcs
  12 bats
  4 giant cockroaches
  6 goblins
  8 hobgoblins
  6 jackals
  4 quokkas
  2 ball pythons (D:2)
  4 frilled lizards
  6 kobolds
  7 rats
97 creatures vanquished.

Vanquished Creatures (collateral kills)
  A dart slug (D:1)
  A goblin (D:1)
  A kobold (D:1)
3 creatures vanquished.

Grand Total: 100 creatures vanquished

Notes
Turn   | Place    | Note
-------+----------+-------------------------------------------
     0 | D:1      | ThermosAquaticus the Barachian Artificer began the quest for the Orb.
     0 | D:1      | Reached XP level 1. HP: 15/15 MP: 3/3
   149 | D:1      | Reached XP level 2. HP: 22/22 MP: 4/4
   631 | D:1      | Reached XP level 3. HP: 7/28 MP: 5/5
  1381 | D:2      | Found a hide-covered altar of Uskayaw.
  1481 | D:2      | Found a bloodstained altar of Trog.
  1840 | D:2      | Found a snail-covered altar of Cheibriados.
  1900 | D:2      | Reached skill level 1 in Long Blades
  1900 | D:2      | Reached XP level 4. HP: 19/34 MP: 5/7
  2060 | D:2      | Became a worshipper of Cheibriados the Contemplative
  2328 | D:2      | Noticed Terence
  2461 | D:2      | Killed Terence
  2803 | D:2      | Reached XP level 5. HP: 39/39 MP: 8/8
  2939 | D:3      | Found a faded altar of an unknown god.
  3283 | D:3      | Reached * piety under Cheibriados
  3302 | D:3      | Found a radiant altar of Vehumet.
  3703 | D:3      | Found a runed door.
  3707 | D:3      | Noticed Crazy Yiuf
  3708 | D:3      | Killed Crazy Yiuf
  4088 | D:3      | Reached XP level 6. HP: 40/46 MP: 9/9
  4200 | D:4      | Noticed TotoDurand's ghost (amateur NaFi)
  4217 | D:4      | Killed TotoDurand's ghost
  4239 | D:3      | Reached XP level 7. HP: 33/51 MP: 10/10
  4385 | D:4      | Noticed Natasha
  4393 | D:4      | Killed Natasha
  4491 | D:4      | You fall through a shaft for 3 floors!
  4502 | D:7      | Reached skill level 5 in Long Blades
  4572 | D:7      | Reached skill level 5 in Dodging
  4699 | D:7      | Found a sacrificial altar of Ru.
  4711 | D:7      | Reached ** piety under Cheibriados
  4902 | D:7      | Found a glowing silver altar of Zin.
  5049 | D:7      | Gained mutation: Your flesh is heat resistant. (rF+) [potion of beneficial mutation]
  5049 | D:7      | Demolished by an orc warrior

Vault maps used:
D:1:      ncdulo_lavacross, minmay_misc_feat_room,
          hangedman_abyss_or_decor_lesser_grid, minmay_crystal_room
D:2:      lemuel_doored_altar, overflow_temple_1_default, old_standard_altar,
          kennysheep_generic_room_2, uniq_terence
D:3:      vehumet_crystals, chequers_ecumenical_altar_simple_redux,
          uniq_crazy_yiuf_cottage
D:4:      serial_shops, nicolae_shop_trees, hex_large, uniq_natasha
D:7:      lemuel_round_altar, doesnt_xom_only_xom,
          nicolae_ru_great_annihilating_truth, basic_altar

Skill      XL: |  1  2  3  4  5  6  7 |
---------------+----------------------+-----
Fighting       | 2 |  2.5
Long Blades    | 1 2 3 4 5 |  5.9
Evocations     | 4 |  4.0
Dodging        | 3 4 5 |  5.6
Short Blades   | |  1.0
Stealth        | |  1.0

Action                   |  1- 3 |  4- 6 |  7- 9 || total
-------------------------+-------+-------+-------++-------
Melee: Short sword       |    97 |       |       ||    97
       Falchion          |    37 |   166 |       ||   203
       Dagger            |       |    70 |    67 ||   137
Evoke: Wand              |     9 |    15 |     2 ||    26
  Use: Potion            |       |       |     2 ||     2
       Scroll            |       |       |     1 ||     1
 Stab: Paralysed         |       |       |     1 ||     1
  Eat: Chunk             |     4 |     7 |     1 ||    12
Armor: Leather armour    |    25 |       |       ||    25
       Scale mail        |    36 |   123 |    25 ||   184
Dodge: Dodged            |    79 |   135 |    34 ||   248
       Rpst.: Falchion   |     5 |    27 |       ||    32
